 Dungeon Crawl Stone Soup version 0.29-a0-234-g0dae59b3db (webtiles) character file.

Game seed: 16463503546641858166

81 avis the Skirmisher (level 4, -4/42 HPs)
             Began as a Hill Orc Monk on Mar 4, 2022.
             Slain by Terence
             ... wielding a +1 vampiric falchion
              (10 damage)
             ... on level 2 of the Dungeon.
             The game lasted 00:07:21 (1452 turns).

avis the Skirmisher (Hill Orc Monk)                 Turns: 1452, Time: 00:07:22

Health: -4/42      AC:  8    Str: 13    XL:     4   Next: 40%
Magic:  4/4        EV:  6    Int: 12    God:
Gold:   77         SH:  0    Dex: 13    Spells: 3/3 levels left

rFire   . . .      SeeInvis .   m - +0 morningstar
rCold   . . .      Faith    .   (no shield)
rNeg    . . .      Spirit   .   l - +0 chain mail
rPois   .          Reflect  .   (no helmet)
rElec   .          Harm     .   (no cloak)
rCorr   .          Rampage  .   (no gloves)
Will    .....                   (no boots)
Stlth   ..........              (no amulet)
HPRegen 0.14/turn               (no ring)
MPRegen 0.09/turn               (no ring)

@: no status effects
A: no striking features
a: no special abilities


You were on level 2 of the Dungeon.
You visited 1 branch of the dungeon, and saw 2 of its levels.

You collected 77 gold pieces.

Inventory:

Hand Weapons
 m - a +0 morningstar (weapon)
 q - a +0 spear
Missiles
 k - 70 stones (quivered)
Armour
 a - a +0 robe
 b - a +0 plate armour
 f - a +0 ring mail
 l - a +0 chain mail (worn)
Magical Staves
 j - a staff of death
Wands
 p - a wand of iceblast (3)
Scrolls
 d - 3 scrolls of identify {unknown}
 e - a scroll of immolation {unknown}
 i - a scroll of silence {unknown}
 o - a scroll of summoning {unknown}
Potions
 c - a potion of degeneration {unknown}
 g - 2 potions of curing {unknown}
 h - 2 potions of haste {unknown}
 n - a potion of might {unknown}


   Skills:
 - Level 5.0 Fighting
 - Level 2.4 Dodging
 - Level 1.5 Stealth
 * Level 4.6 Unarmed Combat


You had 3 spell levels left.
You didn't know any spells.
Your spell library contained the following spells:

 Spells                   Type           Power      Damage    Failure   Level
 Confusing Touch          Hex            0%         N/A       100%        3
 Passage of Golubria      Tloc           0%         N/A       100%        4
 Silence                  Hex/Air        0%         N/A       100%        5
 Yara's Violent Unravell  Hex/Tmut       0%         3d3       100%        5
 Enfeeble                 Hex            0%         N/A       100%        7
 Lehudib's Crystal Spear  Conj/Erth      0%         10d2      100%        8


Dungeon Overview and Level Annotations

Branches:
Dungeon (2/15)

Altars:

Annotations:
D:2 Terence


Message History

You see here a +0 club.
You thump the ball python!
You kill the ball python!
You hit Terence.
Terence is moderately wounded.
Terence hits you with a +1 vampiric falchion.
Terence draws strength from your wounds!
You hit Terence.
Terence is moderately wounded.
Terence barely misses you.
Terence hits you with a +1 vampiric falchion.
Terence draws strength from your wounds!
You barely miss Terence.
Terence is lightly wounded.
Terence hits you with a +1 vampiric falchion.
Terence draws strength from your wounds!
You barely miss Terence.
Terence hits you with a +1 vampiric falchion.
Terence shouts, "ATTACK!!!"
Terence hits you with a +1 vampiric falchion.
You puncture Terence!
Terence is moderately wounded.
Terence barely misses you.
You hit Terence but do no damage.
Terence is moderately wounded.
Terence hits you with a +1 vampiric falchion.
Terence draws strength from your wounds!
Terence completely misses you.
You completely miss Terence.
Terence is moderately wounded.
Terence hits you with a +1 vampiric falchion.
You barely miss Terence.
Terence is moderately wounded.
Terence completely misses you.
Terence says, "Rest in peace."
Terence hits you with a +1 vampiric falchion!
* * * LOW HITPOINT WARNING * * *
Terence shouts, "ATTACK!!!"
Terence hits you with a +1 vampiric falchion!
You die...

#)###....#..#..# ....
.........##.#.##......## .:..
.........##.#.##.#..... .....
..........#...# .?.... #>..
.....>...###.## #.#.####...
........#..#.## #...#....##
........#.)#.#. #.........##
##.####.#..#.#.###..........#
##..#......#.##.@...........#
...........#.##@...#........#
....##.##......)...........##
.............##.######.....#
......#......##)# .......#
...##..#.....##)# .......#
...###.#......#.# #.......#
#### #.#........# ##.....##
#.##.....### #...##


You could see Terence.

Vanquished Creatures
  4 adders
  2 dart slugs
  5 endoplasms
  3 giant cockroaches
  4 goblins
  2 hobgoblins (D:2)
  3 jackals
  4 kobolds
  3 quokkas (D:2)
  3 ball pythons (D:2)
  3 bats
  2 frilled lizards (D:2)
38 creatures vanquished.

Notes
Turn   | Place    | Note
-------+----------+-------------------------------------------
     0 | D:1      | avis the Hill Orc Monk began the quest for the Orb.
     0 | D:1      | Reached XP level 1. HP: 19/19 MP: 1/1
    96 | D:1      | Reached skill level 4 in Fighting
   296 | D:1      | Reached XP level 2. HP: 26/27 MP: 2/2
   324 | D:1      | Found a faded altar of an unknown god.
   543 | D:1      | Reached XP level 3. HP: 10/35 MP: 3/3
   792 | D:1      | Reached skill level 5 in Fighting
  1379 | D:2      | Reached XP level 4. HP: 41/42 MP: 4/4
  1419 | D:2      | Noticed Terence
  1452 | D:2      | Slain by Terence

Illustrated notes

Levels and vault maps discovered:
D:1:      scummos_arrival_checkerplants, layout_rooms,
          shapermc_ecumenical_altar_pompeii
D:2:      minmay_general_purpose_star, layout_rooms, uniq_jessica, uniq_terence

Skill      XL: |  1  2  3 |
---------------+----------+-----
Fighting       | 4 5 |  5.0
Unarmed Combat | 4 |  4.6
Dodging        | |  2.4
Stealth        | |  1.5

Action                   |  1- 3 |  4- 6 || total
-------------------------+-------+-------++-------
Melee: Unarmed           |   157 |       ||   157
       Punch             |     2 |     1 ||     3
       Morningstar       |     1 |    21 ||    22
Armor: Ring mail         |     8 |       ||     8
       Chain mail        |    86 |     9 ||    95
Dodge: Dodged            |    67 |     9 ||    76

Table legend: (Time is in decaauts)
 A = Elapsed time spent in this place.
 B = Non-inter-level travel time spent in this place.
 C = Inter-level travel time spent in this place.
 D = Time resting spent in this place.
 E = Time spent auto-exploring this place.
 F = Levels seen in this place.
 G = Mean time per level.
                   A        B        C        D        E       F      G
               +--------+--------+--------+--------+--------+-----+--------+
         Total |   1456 |   1392 |     64 |    518 |    408 |   2 |  728.0 |
       Dungeon |   1456 |   1392 |     64 |    518 |    408 |   2 |  728.0 |
               +--------+--------+--------+--------+--------+-----+--------+

Top non-repeatable levels by time:
     D:1: 901 daAuts
     D:2: 554 daAuts
